 Dungeon Crawl Stone Soup version 0.30.1-3-gfc49f6343a (webtiles) character file.

Game seed: 2678052116857378150

3077 Anriel the Thaumaturge (level 9, -2/50 HPs)
             Began as a Deep Elf Conjurer on July 25, 2023.
             Killed themself with a badly aimed fireball (5 damage)
             ... on level 7 of the Dungeon.
             The game lasted 00:43:13 (6331 turns).

Anriel the Thaumaturge (Deep Elf Conjurer)          Turns: 6331, Time: 00:43:13

Health: -2/50      AC:  6    Str:  4    XL:     9   Next: 58%
Magic:  9/23       EV: 14    Int: 26    God:
Gold:   279        SH:  0    Dex: 15    Spells: 11/24 levels left

rFire   + . .        c - +2 rapier
rCold   x . .        (no shield)
rNeg    . . .        b - +0 steam dragon scales
rPois   .            (no helmet)
rElec   .            (no cloak)
rCorr   .            (no gloves)
SInv    .            (no boots)
Will    .....        (no amulet)
Stlth   +++          n - ring of fire
HPRegen 0.28/turn    (no ring)
MPRegen 0.18/turn

%: no passive effects
@: no status effects
A: talons 1, mutation resistance 1, shaggy fur 1, subdued magic 1
a: no special abilities


You were on level 7 of the Dungeon.
You visited 2 branches of the dungeon, and saw 8 of its levels.

You collected 279 gold pieces.

Inventory:

Hand Weapons
 c - a +2 rapier (weapon)
Armour
 a - a +1 robe
 b - +0 steam dragon scales (worn)
Magical Staves
 i - a staff of cold
 p - a staff of death
Jewellery
 f - an amulet of guardian spirit
 n - a ring of fire (left hand)
Wands
 o - a wand of quicksilver (11)
 t - a wand of flame (18)
Scrolls
 e - 2 scrolls of silence
 q - a scroll of vulnerability
 u - a scroll of amnesia
Potions
 h - 2 potions of curing
 k - a potion of brilliance


   Skills:
 - Level 3.0 Fighting
 - Level 5.0 Short Blades
 + Level 5.3 Dodging
 - Level 5.3 Stealth
 * Level 8.3 Spellcasting
 + Level 6.2 Conjurations
 - Level 5.0 Hexes
 - Level 5.0 Fire Magic
 + Level 4.2 Ice Magic


You had 11 spell levels left.
You knew the following spells:

 Your Spells              Type           Power      Damage    Failure   Level
a - Magic Dart            Conj           100%       1d8       1%          1
b - Searing Ray           Conj           66%        2d6       1%          2
c - Fulminant Prism       Conj/Hex       15%        3d10      4%          4
d - Foxfire               Conj/Fire      100%       2x1d9     1%          1
e - Fireball              Conj/Fire      23%        3d11      13%         5

Your spell library contained the following spells:

 Spells                   Type           Power      Damage    Failure   Level
 Kiss of Death            Conj/Necr      80%        2d11      1%          1
 Confusing Touch          Hex            28%        N/A       1%          3
 Dazzling Flash           Conj/Hex       62%        N/A       1%          3
 Apportation              Tloc           16%        N/A       4%          1
 Necrotise                Necr           32%        1d5       4%          1
 Summon Small Mammal      Summ           32%        N/A       4%          1
 Iskenderun's Mystic Bla  Conj/Tloc      20%        2d6       13%         4
 Dispel Undead            Necr           8%         3d8       43%         4
 Starburst                Conj/Fire      23%        6d8       58%         6
 Plasma Beam              Fire/Air       13%        2x1d27    95%         6


Dungeon Overview and Level Annotations

Branches:
Dungeon (7/15)             Temple (1/1) D:5

Altars:
Ashenzari
Elyvilon
Gozag
Hepliaklqana
Kikubaaqudgha
Nemelex Xobeh
Okawaru
Qazlal
Ru
Trog
Uskayaw
Yredelemnul
Zin


Innate Abilities, Weirdness & Mutations

You have sharp toenails.
You are somewhat resistant to further mutation.
You are covered in fur. (AC +1)
Your spells are a little easier to cast, but a little less powerful.


Message History

The two-headed ogre hits you with a +0 giant spiked club!
Casting: Searing Ray (safe; 1% risk of failure)
Confirm with . or Enter, or press ? or * to list all spells.
You feel a surge of power!
You conjure some foxfire!
You completely miss the two-headed ogre.
You claw the two-headed ogre, but do no damage.
The two-headed ogre is severely wounded.
The foxfire hits the two-headed ogre.
The two-headed ogre is severely wounded.
The foxfire hits the two-headed ogre!
The two-headed ogre is almost dead.
The two-headed ogre hits you with a +0 giant club!!
Ouch! That really hurt!
* * * LOW HITPOINT WARNING * * *
The two-headed ogre closely misses you.
Okay, then.
Okay, then.
Okay, then.
Casting: Foxfire (safe; 1% risk of failure)
Confirm with . or Enter, or press ? or * to list all spells.
The spell is quite dangerous to miscast (13% risk of failure)!
Continue anyway?
Aiming: Fireball (quite dangerous; 13% risk of failure)
Press: ? - help, Shift-Dir - straight line, f/p - two-headed ogre
Aim: a two-headed ogre, wielding a +0 giant club and a +0 giant spiked club (severely wounded)
You feel a surge of power! That beam is likely to hit you.
Continue anyway?
Okay, then.
Casting: Fireball (quite dangerous; 13% risk of failure)
Confirm with . or Enter, or press ? or * to list all spells.
The spell is quite dangerous to miscast (13% risk of failure)!
Continue anyway?
Aiming: Fireball (quite dangerous; 13% risk of failure)
Press: ? - help, Shift-Dir - straight line, f/p - two-headed ogre
Aim: a two-headed ogre, wielding a +0 giant club and a +0 giant spiked club (severely wounded)
You feel a surge of power! That beam is likely to hit you.
Continue anyway?
The fireball explodes!
The fireball engulfs the two-headed ogre!
You kill the two-headed ogre!
The fireball engulfs you. You resist.
You die...

###+
#..#
#O.#
+..+
#..#
###..#
#.'##+
##)#..#
#@.#..#
##ยง+..+
###..#
..# ##+


There were no monsters in sight!

Vanquished Creatures
  A two-headed ogre (D:7)
  Pikel (D:6)
  A komodo dragon (D:6)
  Prince Ribbit (D:6)
  Grinder (D:5)
  Sigmund (D:3)
  2 steam dragons (D:6)
  An ice beast (D:6)
  2 black bears
  A centaur (D:5)
  A lemure (D:6)
  A phantom (D:4)
  Blork the orc (D:6)
  A bullfrog (D:6)
  A gnoll sergeant (D:5)
  2 scorpions
  3 wights (D:6)
  3 hounds
  2 jellies
  A gnoll bouda (D:5)
  4 iguanas
  2 orc wizards (D:5)
  24 gnolls
  3 adders
  4 shadow imps (D:6)
  An ufetubus (D:6)
  2 worms (D:2)
  A dart slug (D:3)
  5 orcs
  2 ball pythons
  6 bats
  3 endoplasms
  3 giant cockroaches
  6 goblins
  2 hobgoblins (D:4)
  9 jackals
  10 kobolds
  4 quokkas
  3 frilled lizards
  2 rats (D:3)
124 creatures vanquished.

Vanquished Creatures (others)
  109 foxfires
  17 fulminant prisms
126 creatures vanquished.

Grand Total: 250 creatures vanquished

Notes
Turn   | Place    | Note
-------+----------+-------------------------------------------
     0 | D:1      | Anriel the Deep Elf Conjurer began the quest for the Orb.
     0 | D:1      | Reached XP level 1. HP: 10/10 MP: 6/6
   216 | D:1      | Reached XP level 2. HP: 15/15 MP: 5/8
   365 | D:1      | Learned a level 2 spell: Searing Ray
   737 | D:2      | Reached skill level 4 in Spellcasting
   737 | D:2      | Reached XP level 3. HP: 6/19 MP: 2/10
   931 | D:2      | Reached XP level 4. HP: 24/24 MP: 2/12
  1294 | D:3      | Found an ancient bone altar of Kikubaaqudgha.
  1529 | D:3      | Reached skill level 5 in Conjurations
  1536 | D:3      | Reached skill level 5 in Spellcasting
  1550 | D:3      | Reached skill level 1 in Short Blades
  1550 | D:3      | Reached XP level 5. HP: 19/28 MP: 1/14
  1811 | D:3      | Learned a level 4 spell: Fulminant Prism
  1816 | D:3      | Learned a level 4 spell: Iskenderun's Mystic Blast
  1958 | D:3      | Noticed Sigmund
  2100 | D:4      | Reached skill level 1 in Hexes
  2211 | D:4      | Found a white marble altar of Elyvilon.
  2251 | D:4      | Found a hazy altar of Hepliaklqana.
  2323 | D:4      | Noticed a black bear
  2337 | D:4      | Killed a black bear
  2338 | D:4      | Reached skill level 1 in Fighting
  2338 | D:4      | Reached XP level 6. HP: 34/34 MP: 9/15
  2871 | D:4      | Found an iron altar of Okawaru.
  3009 | D:4      | Identified a scroll of acquirement
  3009 | D:4      | Acquired a book of Fire
  3014 | D:4      | Learned a level 1 spell: Foxfire
  3225 | D:3      | Killed Sigmund
  3226 | D:3      | Reached XP level 7. HP: 37/39 MP: 12/16
  3349 | D:5      | Entered Level 5 of the Dungeon
  3539 | D:5      | Reached skill level 5 in Hexes
  3631 | D:5      | Found a staircase to the Ecumenical Temple.
  3640 | Temple   | Entered the Ecumenical Temple
  3657 | D:5      | Reached skill level 5 in Dodging
  3676 | D:5      | Reached skill level 1 in Fire Magic
  4186 | D:5      | Reached XP level 8. HP: 45/45 MP: 11/17
  4411 | D:5      | Learned a level 5 spell: Fireball
  4496 | D:5      | Noticed Grinder
  4501 | D:5      | Paralysed by Grinder for 3 turns
  4511 | D:5      | Killed Grinder
  4728 | D:6      | Noticed Prince Ribbit
  4735 | D:6      | Killed Prince Ribbit
  4736 | D:6      | Reached skill level 5 in Stealth
  4736 | D:6      | Reached skill level 1 in Ice Magic
  4771 | D:6      | Reached skill level 5 in Fire Magic
  4788 | D:6      | Noticed Blork the orc
  4872 | D:6      | Killed Blork the orc
  5047 | D:6      | Reached skill level 6 in Spellcasting
  5047 | D:6      | Reached XP level 9. HP: 45/50 MP: 9/20
  5067 | D:6      | Noticed Pikel
  5340 | D:6      | Reached skill level 5 in Short Blades
  5502 | D:6      | Found a sacrificial altar of Ru.
  5517 | D:6      | Noticed a komodo dragon
  5602 | D:6      | Killed Pikel
  5603 | D:6      | Reached skill level 7 in Spellcasting
  5690 | D:6      | Gained mutation: You have sharp toenails. [potion of
                  | mutation]
  5690 | D:6      | Gained mutation: Your spells are a little easier to cast,
                  | but a little less powerful. [potion of mutation]
  5690 | D:6      | Gained mutation: You are covered in fur. (AC +1) [potion of
                  | mutation]
  5690 | D:6      | Gained mutation: You are somewhat resistant to further
                  | mutation. [potion of mutation]
  5922 | D:6      | Killed a komodo dragon
  5923 | D:6      | Reached skill level 8 in Spellcasting
  6319 | D:7      | Noticed a two-headed ogre
  6331 | D:7      | Killed a two-headed ogre
  6331 | D:7      | Killed themself with a badly aimed fireball

Illustrated notes

Levels and vault maps discovered:
D:1:      dpeg_arrival_tiny_b, layout_rooms, minivault_27,
          hangedman_abyss_or_decor_lesser_grid, kennysheep_flooded_box,
          bh_walls_and_bars
D:2:      layout_rooms
D:3:      layout_loops_corners, nicolae_kikubaaqudgha_miasma_corner,
          uniq_sigmund
D:4:      black_bear_nest_1, layout_cave_pods,
          mainiacjoe_overflow_cross_hatched, elyvilon_altar_4,
          kennysheep_mini_moat, serial_park, serial_park_paths
          [serial_park_minivault_5x5_5], serial_park_avenue1,
          serial_park_square3 [serial_park_minivault_5x5_6],
          grunt_decor_mini_mirrors
D:5:      layout_loops_corners, minmay_temple_entry_junction, uniq_grinder
D:6:      layout_gridville, mainiacjoe_overflow_alcove_4, uniq_prince_ribbit1,
          uniq_pikel, uniq_blork_the_orc
D:7:      layout_basic, mainiacjoe_overflow_24_doors,
          mainiacjoe_overflow_concentric_impassable, serial_bayou_pond_d,
          minmay_misc_feat_secret_circle, nicolae_zen_rock_garden
Temple:   hellmonk_temple_micro_hex

Skill      XL: |  1  2  3  4  5  6  7  8  9 |
---------------+----------------------------+-----
Dodging        | 3 4 5 |  5.3
Stealth        | 3 4 5 |  5.3
Spellcasting   | 4 5 6 8 |  8.3
Conjurations   | 5 6 |  6.2
Short Blades   | 1 2 3 4 5 |  5.0
Hexes          | 2 4 5 |  5.0
Fighting       | 1 2 3 |  3.0
Fire Magic     | 2 5 |  5.0
Ice Magic      | 2 4 |  4.2

Action                     |  1- 3 |  4- 6 |  7- 9 || total
---------------------------+-------+-------+-------++-------
  Melee: Rapier            |    17 |    13 |    45 ||    75
         Kick              |       |       |     1 ||     1
         Punch             |       |       |     1 ||     1
   Cast: Magic Dart        |    43 |    73 |    38 ||   154
         Searing Ray       |     3 |     9 |    21 ||    33
         Foxfire           |       |     3 |    61 ||    64
         Fulminant Prism   |       |       |    17 ||    17
    Use: Scroll            |     4 |     6 |     7 ||    17
         Potion            |     2 |       |    10 ||    12
   Stab: Sleeping          |     1 |       |     1 ||     2
 Armour: Robe              |     4 |     4 |    10 ||    18
         Steam dragon scal |       |       |     5 ||     5
  Dodge: Dodged            |    14 |    11 |    84 ||   109
